 Dungeon Crawl Stone Soup version 0.28.0 (webtiles) character file.

Game seed: 1085019391467899019

140 crazypyro the Chopper (level 5, -5/67 HPs)
             Began as a Hill Orc Berserker on Feb 10, 2022.
             Was a Believer of Trog.
             Slain by an ogre (12 damage)
             ... on level 4 of the Dungeon.
             The game lasted 00:02:27 (3345 turns).

crazypyro the Chopper (Hill Orc Berserker)          Turns: 3345, Time: 00:02:27

Health: -5/67      AC: 11    Str: 22    XL:     5   Next: 22%
Magic:  5/5        EV: 11    Int: 13    God:    Trog [**....]
Gold:   148        SH:  0    Dex: 10    Spells: 4/4 levels left

rFire   . . .      SeeInvis .   a - +0 hand axe
rCold   . . .      Faith    .   (no shield)
rNeg    . . .      Spirit   .   v - +5 ring mail of the Garden {*Slow Int+6}
rPois   .          Reflect  .   (no helmet)
rElec   .          Harm     .   (no cloak)
rCorr   .          Rampage  .   d - +0 pair of gloves
Will    .....                   (no boots)
Stlth   ..........              (no amulet)
HPRegen 0.21/turn               (no ring)
MPRegen 0.09/turn               (no ring)

@: berserking, very quick
A: no striking features
a: Renounce Religion, Berserk, Trog's Hand


You were on level 4 of the Dungeon.
You worshipped Trog.
Trog was pleased with you.
You visited 1 branch of the dungeon, and saw 4 of its levels.

You collected 148 gold pieces.

Inventory:

Hand Weapons
 a - a +0 hand axe (weapon)
Armour
 b - a +0 animal skin
 d - a +0 pair of gloves (worn)
 e - a +0 plate armour
 v - the +5 ring mail of the Garden (worn) {*Slow Int+6}
   (You found it on level 3 of the Dungeon)

   Int:       It affects your intelligence (+6).
   *Slow:     It may slow you when you take damage.
Jewellery
 c - a ring of magical power
 o - an amulet of faith
Wands
 r - a wand of charming (13)
Scrolls
 f - a scroll of teleportation {unknown}
 g - a scroll of blinking {unknown}
 h - 4 scrolls of identify {unknown}
 j - 2 scrolls of fear {unknown}
 l - 2 scrolls of amnesia {unknown}
 p - a scroll of acquirement {unknown}
 q - a scroll of brand weapon {unknown}
Potions
 i - a potion of haste {unknown}
 k - a potion of berserk rage {unknown}
 m - a potion of heal wounds {unknown}
 n - a potion of curing {unknown}
 s - a potion of flight {unknown}
 t - 3 potions of attraction {unknown}
 u - a potion of brilliance {unknown}


   Skills:
 - Level 3.6 Fighting
 * Level 7.6 Axes
 - Level 2.1 Armour
 - Level 1.5 Dodging


You had 4 spell levels left.
You didn't know any spells.
Your spell library was empty.

Dungeon Overview and Level Annotations

Branches:
Dungeon (4/15)
 Temple: D:4-7

Altars:

Shops:
D:1 :   D:3 *   D:4 *


Message History

Done exploring.
(D) Dungeon
Where to? (Enter - D:3 @ (x,y), ? - help)
There is a stone staircase leading down here.
You climb downwards.
The ogre shouts!
Found 18 sling bullets and 14 gold pieces.
Found Xurr's General Store.
Found a stone staircase leading down.
There is a stone staircase leading up here.
An ogre is nearby!
An ogre is nearby!
An ogre is nearby!
You slash the ogre!
The ogre is moderately wounded.
You barely miss the ogre.
The ogre is moderately wounded.
The ogre hits you with a +0 giant club!
You hit the ogre but do no damage.
The ogre is moderately wounded.
The ogre barely misses you.
You hit the ogre.
The ogre is moderately wounded.
The ogre closely misses you.
You barely miss the ogre.
The ogre is moderately wounded.
You hit the ogre.
The ogre is moderately wounded.
The ogre hits you with a +0 giant club!!
Ouch! That really hurt!
* * * LOW HITPOINT WARNING * * *
You slash the ogre!
The ogre is severely wounded.
The ogre hits you with a +0 giant club!
* * * LOW HITPOINT WARNING * * *
A red film seems to cover your vision as you go berserk!
You feel yourself moving faster!
You feel mighty!
You hit the ogre.
The ogre is severely wounded.
The ogre hits you with a +0 giant club!
You die...

... ## .. .
.$ .# ##. .#
#.. ..##
#..###...#
#...(....#..
#..<@O.>....
#........#..
........##.##
####.##.# ..
... #.# ...
#### #.. ##
###


You could see an ogre.

Vanquished Creatures
  4 gnolls (D:3)
  2 adders (D:2)
  2 worms
  2 dart slugs (D:2)
  7 orcs (D:3)
  2 endoplasms
  6 giant cockroaches
  5 goblins
  2 hobgoblins (D:2)
  9 jackals
  7 kobolds
  A quokka (D:2)
  5 ball pythons
  6 bats
  2 frilled lizards
  3 rats
65 creatures vanquished.

Vanquished Creatures (others)
  A plant (D:1)
1 creature vanquished.

Grand Total: 66 creatures vanquished

Notes
Turn   | Place    | Note
-------+----------+-------------------------------------------
     0 | D:1      | crazypyro the Hill Orc Berserker began the quest for the
                  | Orb.
     0 | D:1      | Reached XP level 1. HP: 19/19 MP: 1/1
    90 | D:1      | Found Tooqaute's Book Boutique.
   312 | D:1      | Reached XP level 2. HP: 20/26 MP: 2/2
   464 | D:1      | Reached skill level 5 in Axes
   875 | D:2      | Reached XP level 3. HP: 31/31 MP: 3/3
  1111 | D:2      | Reached ** piety under Trog
  1240 | D:2      | Reached skill level 6 in Axes
  1977 | D:2      | Reached XP level 4. HP: 39/39 MP: 4/4
  2846 | D:3      | Reached skill level 7 in Axes
  2852 | D:3      | Reached XP level 5. HP: 45/45 MP: 5/5
  3047 | D:3      | Found Hoonuri's Assorted Antiques.
  3063 | D:3      | Identified the +5 ring mail of the Garden {*Slow Int+6}
  3335 | D:4      | Noticed an ogre
  3335 | D:4      | Found Xurr's General Store.
  3345 | D:4      | Slain by an ogre

Illustrated notes

Levels and vault maps discovered:
D:1:      giann_bridges, layout_basic, serial_shops, nicolae_shop_waterfront
D:2:      minmay_skewed_foursquare, layout_basic
D:3:      layout_basic, serial_shops, nicolae_shop_overgrown_old_shop,
          feat_on_display
D:4:      layout_loops_ring, serial_shops, nicolae_shop_behind_doors,
          nicolae_take_the_stairs, nicolae_shop_waterfront,
          nicolae_stop_n_shop_2

Skill      XL: |  1  2  3  4 |
---------------+-------------+-----
Axes           | 5 6 7 |  7.6
Fighting       | |  3.6
Armour         | |  2.1
Dodging        | |  1.5

Action                   |  1- 3 |  4- 6 || total
-------------------------+-------+-------++-------
Melee: Hand axe          |   103 |   105 ||   208
       Punch             |     1 |     2 ||     3
Invok: Berserk           |       |     2 ||     2
Armor: Plate armour      |    76 |    51 ||   127
       Ring mail         |       |     5 ||     5
Dodge: Dodged            |    41 |    54 ||    95
